AoeStats
← 2204528

Yucatan

510847841Analyzed
4v4 RM · 16h ago on Oct 2, 2026· 52m 38s· 8 players
Game mode
Random Map
Map size
Large (8 player)
Population
200
Speed
Normal
Resources
Standard
Victory
Conquest
Starting age
Dark Age
Ending age
Imperial Age
RankedLock teamsTeams togetherTeam positionsShared explorationLock speedFull tech treeHidden civsTurbo modeCheats
Victory
Defeat
🇩🇰 Goths · Denmark
1213
+13
🇺🇸 Mongols · United States
1195
+14
🇨🇳 Jurchens · China
1130
+17
🇨🇳 Franks · China
1069
+20
🇸🇰 Inca · Slovakia
1172
-17
🇵🇪 Poles · Peru
1153
-16
🇧🇷 Magyars · Brazil
1147
-16
🇦🇷 Teutons · Argentina
1125
-15
alwinmonteiro
8:18 Loom
10:25 Feudal Age
16:19 Scale Barding Armor
16:42 Bloodlines
21:42 Castle Age
22:51 Double-Bit Axe
23:28 Chain Barding Armor
22:31 Light Cavalry
24:27 Horse Collar
25:43 Heavy Plow
29:33 Fletching
29:44 Padded Archer Armor
30:50 Bow Saw
31:18 Thumb Ring
33:48 Husbandry
36:20 Imperial Age
34:27 Wheelbarrow
35:23 Gold Mining
35:28 Stone Mining
36:05 Ballistics
36:18 Leather Archer Armor
36:46 Bodkin Arrow
38:00 Ring Archer Armor
38:06 Plate Barding Armor
38:26 Bracer
38:58 Parthian Tactics
39:20 Crop Rotation
39:30 Cavalier
41:38 Gold Shaft Mining
42:35 Chemistry
43:55 Siege Engineers
44:01 Masonry
45:21 Two-Man Saw
46:21 Hand Cart
45:52 Town Watch
47:04 Paladin
Marze^
10:36 Loom
12:49 Feudal Age
20:17 Castle Age
18:36 Double-Bit Axe
18:31 Horse Collar
19:23 Scale Mail Armor
19:33 Forging
19:37 Gold Mining
19:37 Stone Mining
29:02 Squires
28:47 Arson
29:10 Pikeman
32:05 Iron Casting
31:45 Chain Mail Armor
33:33 Chain Mail Armor
47:42 Heavy Plow
47:53 Bow Saw
48:19 Gold Shaft Mining
47:35 Stone Mining
DSLG | Shamer
5:07 Loom
13:11 Feudal Age
16:11 Bloodlines
15:55 Double-Bit Axe
15:54 Horse Collar
18:56 Castle Age
17:11 Scale Barding Armor
17:59 Forging
18:14 Gold Mining
19:37 Light Cavalry
20:21 Husbandry
21:16 Bow Saw
23:14 Wheelbarrow
23:38 Stone Mining
25:36 Stone Shaft Mining
26:58 Chain Barding Armor
30:17 Iron Casting
33:08 Hand Cart
36:23 Imperial Age
34:41 Heavy Plow
35:15 Pikeman
35:56 Squires
35:41 Arson
36:00 Scale Mail Armor
38:34 Blast Furnace
37:47 Cavalier
38:15 Winged Hussar
39:20 Conscription
40:19 Crop Rotation
40:07 Chain Mail Armor
42:35 Plate Mail Armor
Monotributista Furioso
10:03 Loom
11:48 Feudal Age
17:05 Castle Age
15:03 Double-Bit Axe
16:48 Stone Mining
19:19 Stone Shaft Mining
24:19 Wheelbarrow
23:30 Town Watch
26:53 Horse Collar
29:12 Fletching
30:03 Scale Mail Armor
29:53 Gambesons
31:02 Chain Mail Armor
31:58 Forging
32:13 Ballistics
33:24 Iron Casting
32:47 Bodkin Arrow
34:27 Iron Casting
38:43 Imperial Age
36:30 Hand Cart
37:03 Masonry
38:37 Squires
38:58 Capped Ram
40:12 Guard Tower
41:15 Plate Mail Armor
42:32 Blast Furnace
42:44 Fortified Wall
43:53 Elite Teutonic Knight
45:46 Chemistry
44:21 Heavy Scorpion
45:55 Conscription
46:10 Town Patrol
49:06 Crenellations
49:59 Arrowslits
52:12 Siege Engineers
52:59 Keep
bwhauf
6:54 Loom
8:20 Loom
10:17 Feudal Age
12:14 Double-Bit Axe
14:47 Castle Age
16:25 Bow Saw
17:40 Horse Collar
20:17 Fletching
22:41 Bodkin Arrow
25:50 Ballistics
28:47 Husbandry
34:03 Imperial Age
32:21 Wheelbarrow
31:49 Gold Mining
35:15 Conscription
35:26 Elite Mangudai
37:03 Bloodlines
36:55 Bracer
36:56 Padded Archer Armor
39:39 Hand Cart
41:51 Parthian Tactics
41:31 Thumb Ring
41:47 Leather Archer Armor
43:03 Chemistry
41:52 Capped Ram
44:15 Town Watch
43:56 Siege Ram
45:34 Drill
45:38 Siege Engineers
47:25 Onager
49:10 Siege Onager
Stench_of_Evil
5:12 Loom
10:16 Feudal Age
15:01 Castle Age
13:57 Double-Bit Axe
15:59 Bow Saw
18:23 Horse Collar
19:14 Gold Mining
21:37 Heavy Plow
26:31 Stone Mining
29:43 Wheelbarrow
31:00 Pikeman
32:23 Stone Shaft Mining
34:49 Imperial Age
32:22 Scale Mail Armor
34:03 Hand Cart
33:34 Town Watch
34:05 Squires
34:59 Anarchy
35:57 Conscription
35:59 Elite Huskarl
36:42 Perfusion
37:42 Halberdier
38:40 Chain Mail Armor
38:57 Crop Rotation
39:29 Two-Man Saw
39:16 Sappers
40:05 Man-at-Arms
41:01 Forging
40:53 Padded Archer Armor
40:43 Fletching
43:42 Iron Casting
43:04 Bodkin Arrow
43:08 Long Swordsman
45:46 Chemistry
45:08 Ballistics
44:29 Treadmill Crane
44:45 Murder Holes
44:58 Capped Ram
45:12 Two-Handed Swordsman
46:54 Blast Furnace
51:39 Bracer
51:52 Masonry
52:02 Leather Archer Armor
51:10 Champion
2204528
1:21 Loom
11:18 Feudal Age
16:11 Castle Age
15:30 Stone Mining
15:45 Double-Bit Axe
27:16 Forging
28:00 Gold Mining
35:44 Scale Barding Armor
36:15 Iron Casting
46:26 Imperial Age
45:53 Chain Barding Armor
47:56 Capped Ram
49:28 Murder Holes
49:44 Masonry
49:48 Fortified Wall
52:04 Conscription
51:04 Elite Iron Pagoda
猪头
7:48 Loom
10:11 Feudal Age
12:37 Double-Bit Axe
18:27 Castle Age
17:20 Forging
19:32 Husbandry
20:49 Bow Saw
21:23 Gold Mining
22:50 Wheelbarrow
22:01 Town Watch
23:59 Scale Barding Armor
25:50 Chain Barding Armor
26:07 Iron Casting
28:18 Gold Shaft Mining
27:36 Stone Mining
28:21 Fletching
31:56 Bodkin Arrow
37:28 Imperial Age
35:14 Hand Cart
35:00 Town Patrol
37:29 Cavalier
38:13 Chivalry
39:05 Plate Barding Armor
39:31 Blast Furnace
40:08 Paladin
45:06 Squires
45:13 Scale Mail Armor
47:13 Chain Mail Armor
46:20 Pikeman
46:47 Arson
47:47 Siege Engineers
48:42 Conscription
48:16 Halberdier
49:56 Murder Holes
50:23 Ballistics
Connection lost

Rejoining the realm…

Still unreachable

The connection could not be restored.

Session expired

The server has moved on; the page needs a fresh start.